Map: Ruins of Endion

Players

IlIlIIlIIlIl

  • Race: Terran Terran
  • League: Master

Miszu - Winner!

  • Race: Terran Terran
  • League: Grandmaster

VOD

Have the link to the VOD?

Description

Time

  • Played on: May 17, 2016, 6:50 a.m.
  • Length: 13:42
Show
View Real Time Build Order
Export as new Build Order

IlIlIIlIIlIl Terran 

Build Orders:  

Get SALT Encoding   

  12  0:00  SCV  
  13  0:13  SCV  
  14  0:17  Supply Depot  
  14  0:25  SCV  
  15  0:39  SCV  
  15  0:40  Barracks  
  16  0:43  Refinery  
  16  0:51  SCV  
  17  1:03  SCV  
  18  1:15  SCV  
  19  1:28  Orbital Command  
  20  1:39  Command Center  
  20  1:50  Factory  
  20  1:54  SCV  
  20  2:02  Reaper  
  20  2:06  SCV  
  22  2:09  Supply Depot  
  22  2:15  Bunker  
  22  2:18  SCV  
  23  2:27  Refinery  
  23  2:30  SCV  
  23  2:34  Marine  
  25  2:41  Hellion  
  25  2:42  SCV  
  28  2:46  Starport  
  28  2:54  SCV  
  28  2:56  Marine  
  30  2:58  Orbital Command  
  30  3:04  Hellion  
  32  3:11  SCV  
  33  3:14  Marine  
  34  3:23  SCV  
  34  3:25  Hellion, SCV  
  38  3:30  Viking  
  40  3:36  Supply Depot  
  40  3:37  Marine  
  40  3:40  SCV  
  42  3:48  Hellion  
  44  3:52  SCV x2  
  46  3:57  Marine  
  46  3:58  Supply Depot  
  47  4:10  SCV  
  41  4:29  Medivac  
  41  4:30  SCV x2  
  42  4:42  SCV x2  
  44  4:49  Barracks Reactor  
  44  4:50  Refinery  
  44  4:51  Factory Tech Lab  
  44  4:54  SCV x2  
  46  5:06  SCV x2  
  46  5:09  Engineering Bay  
  46  5:10  Viking, Cyclone  
  51  5:25  SCV  
  51  5:26  SCV  
  53  5:28  Marine x2  
  53  5:32  Command Center  
  55  5:42  Viking, Missile Turret  
  49  5:52  Missile Turret  
  49  5:55  SCV x2  
  44  6:06  Missile Turret  
  44  6:07  SCV x2  
  44  6:10  Marine x2  
  48  6:19  SCV x2  
  50  6:30  Barracks  
  50  6:31  SCV x2  
  52  6:38  Barracks  
  52  6:43  Barracks Tech Lab, SCV  
  52  6:45  Orbital Command  
  53  6:52  Siege Tank  
  56  7:03  SCV x2  
  56  7:05  Stimpack  
  56  7:06  Terran Infantry Weapons Level 1  
  58  7:15  SCV x3  
  61  7:19  Barracks Reactor  
  61  7:27  Barracks Reactor, SCV x3  
  64  7:33  Medivac x2, Siege Tank  
  71  7:39  SCV x3  
  71  7:44  Marine  
  73  7:51  SCV  
  73  7:57  SCV x2  
  76  8:00  Refinery  
  76  8:01  Marine  
  76  8:04  Supply Depot  
  77  8:06  Supply Depot  
  77  8:08  Supply Depot  
  77  8:09  Supply Depot  
  77  8:21  Supply Depot  
  77  8:23  Barracks  
  77  8:24  Barracks, Missile Turret  
  77  8:25  Marine x2  
  77  8:26  Viking x2, SCV x2  
  85  8:27  Marine, SCV  
  87  8:39  Marine  
  87  8:40  SCV x3  
  91  8:45  Marine  
  90  8:59  Marine  
  90  9:00  Marine x3  
  90  9:03  Marine, Siege Tank  
  90  9:04  SCV x3  
  90  9:06  Combat Shields  
  97  9:16  SCV x2  
  99  9:17  Marine x2  
  99  9:18  Barracks Reactor, Marine x2  
  99  9:19  Barracks Reactor  
  99  9:20  Medivac  
  105  9:29  SCV x2  
  107  9:31  Refinery  
  107  9:33  Refinery, Sensor Tower  
  107  9:35  Armory  
  107  9:36  Engineering Bay  
  107  9:37  Terran Infantry Armor Level 1  
  107  9:42  Supply Depot x2  
  107  9:43  Marine  
  107  9:44  Supply Depot x2, Siege Tank  
  107  9:45  Medivac  
  113  9:52  Marine, Medivac  
  115  9:57  Marine  
  117  10:03  Marine x7  
  122  10:10  Marine  
  123  10:15  Marine, Medivac  
  123  10:18  Sensor Tower  
  123  10:21  Marine x2  
  127  10:22  Marine  
  127  10:23  Medivac, Siege Tank  
  134  10:32  Factory  
  134  10:34  Missile Turret  
  134  10:37  Barracks Reactor, SCV x2, Missile Turret x2  
  134  10:38  Missile Turret  
  134  10:41  Marine x4, Missile Turret  
  140  10:45  Marine  
  140  10:47  Medivac  
  140  10:48  Marine x3  
  146  10:55  Siege Tank  
  149  11:12  Supply Depot  
  149  11:13  Supply Depot  
  149  11:14  Supply Depot  
  149  11:15  Supply Depot  
  149  11:17  Terran Infantry Weapons Level 2  
  149  11:19  Terran Vehicle Weapons Level 1  
  149  11:21  Command Center  
  149  11:34  Marine x10, Siege Tank  
  162  11:51  Marine x2  
  162  11:53  Marine x8  
  172  11:54  Siege Tank  
  172  11:55  Medivac  
  177  12:06  Siege Tank  
  171  12:09  Marine x2  
  171  12:11  Marine  
  171  12:12  Marine  
  140  12:20  Marine x6  
  140  12:22  Medivac  
  138  12:27  Marine x2, Siege Tank  
  138  12:29  Marine  
  144  12:30  Marine  
  145  12:37  Marine  
  145  12:38  Marine x5, Siege Tank  
  146  12:45  Marine x2  
  146  12:47  Marine  
  146  12:49  Marine  
  150  12:55  Marine  
  150  12:56  Marine  
  151  13:00  Marine x2, Siege Tank  
  151  13:01  Marine x2, Medivac x2  
  151  13:03  Marine x2  
  164  13:09  Marine  
  164  13:10  Siege Tank  
  164  13:12  Marine  
  146  13:13  Marine  
  146  13:14  Marine  
  146  13:18  Marine x2  
  146  13:19  Marine  
Show
View Real Time Build Order
Export as new Build Order

Miszu Terran - Winner!

Build Orders: 1/1/1, Bio Tank, Banshee Rush 

Get SALT Encoding   

  12  0:01  SCV  
  13  0:13  SCV  
  14  0:18  Supply Depot  
  14  0:25  SCV  
  14  0:27  Refinery  
  15  0:39  SCV  
  16  0:44  Barracks  
  16  0:51  SCV  
  17  0:58  Refinery  
  17  1:03  SCV  
  18  1:15  SCV  
  19  1:28  SCV  
  19  1:32  Factory  
  20  1:35  Reaper  
  21  1:40  Orbital Command  
  21  1:47  Supply Depot  
  21  2:05  SCV  
  21  2:07  Reaper  
  23  2:16  Starport  
  23  2:17  Hellion  
  23  2:19  SCV  
  26  2:25  Supply Depot  
  26  2:38  SCV  
  27  2:45  Hellion, Reaper  
  30  2:53  Medivac  
  32  3:11  SCV  
  35  3:13  Hellion  
  36  3:21  Command Center  
  36  3:24  Barracks Tech Lab  
  35  3:27  SCV  
  36  3:40  SCV  
  37  3:43  Supply Depot  
  37  3:48  Cloaking Field  
  37  3:54  Barracks Reactor  
  37  3:58  SCV  
  38  4:04  Banshee  
  41  4:10  Factory Tech Lab  
  41  4:11  SCV  
  41  4:13  Command Center  
  39  4:26  SCV  
  39  4:28  Siege Tank  
  36  4:35  Orbital Command  
  35  4:38  SCV  
  35  4:39  Marine  
  35  4:41  Marine  
  38  4:50  SCV  
  39  4:53  Banshee  
  42  5:03  SCV  
  42  5:05  Marine x2  
  45  5:19  SCV x2  
  45  5:20  Siege Tank  
  50  5:27  Orbital Command  
  44  5:37  Marine  
  44  5:39  Marine  
  48  6:00  SCV x2  
  48  6:01  SCV  
  48  6:09  Marine x2  
  50  6:12  SCV  
  50  6:13  SCV  
  52  6:20  Barracks  
  52  6:23  Barracks  
  52  6:24  SCV  
  52  6:25  SCV x2  
  51  6:32  Siege Tank  
  52  6:36  Refinery x2, SCV  
  52  6:37  SCV  
  52  6:38  Starport Reactor  
  54  6:40  Stimpack, SCV  
  54  6:45  Engineering Bay x2  
  55  6:47  Marine  
  55  6:48  SCV  
  55  6:49  SCV  
  55  6:51  Supply Depot  
  58  6:56  SCV  
  58  7:00  SCV  
  60  7:01  SCV  
  60  7:08  Barracks, Siege Tank  
  64  7:10  Barracks  
  64  7:11  Barracks Tech Lab  
  64  7:15  Supply Depot, SCV  
  65  7:18  Marine  
  65  7:22  Medivac x2  
  70  7:23  Marine x2  
  70  7:29  Marine  
  72  7:32  Combat Shields  
  72  7:36  Marine  
  73  7:37  Supply Depot  
  73  7:39  Supply Depot, Orbital Command  
  73  7:40  Marine, Terran Infantry Armor Level 1  
  73  7:42  Terran Infantry Weapons Level 1  
  73  7:43  Marine  
  75  7:50  Siege Tank  
  78  7:52  Marine  
  78  7:59  SCV x2  
  78  8:01  Marine x2  
  82  8:08  Barracks Reactor x2, Supply Depot  
  82  8:09  SCV  
  82  8:11  Marine x2, SCV x2  
  82  8:12  Supply Depot  
  87  8:19  Marine  
  88  8:21  SCV  
  88  8:22  Siege Tank  
  88  8:23  SCV x2  
  88  8:27  Marine  
  94  8:28  Marine  
  94  8:32  Marine  
  94  8:33  Sensor Tower, SCV  
  98  8:35  SCV  
  98  8:36  Marine  
  90  8:59  Marine x8  
  98  9:04  Medivac x2  
  98  9:09  Supply Depot  
  102  9:10  Supply Depot  
  102  9:11  Supply Depot  
  102  9:12  Supply Depot  
  102  9:14  Supply Depot  
  102  9:17  Marine x7  
  100  9:19  Marine  
  108  9:29  Supply Depot  
  108  9:32  Supply Depot  
  108  9:33  Missile Turret  
  108  9:34  Medivac x2  
  108  9:35  Refinery  
  108  9:36  Missile Turret  
  108  9:38  Missile Turret, Armory  
  112  9:41  Refinery  
  112  9:49  Marine  
  113  9:54  Siege Tank  
  113  9:58  SCV  
  113  9:59  SCV x2  
  117  10:04  Medivac x2  
  121  10:09  Missile Turret  
  121  10:10  SCV  
  121  10:11  SCV x2  
  121  10:13  Sensor Tower  
  124  10:19  Marine  
  125  10:23  SCV x3  
  125  10:26  Siege Tank  
  131  10:30  Factory  
  131  10:35  SCV x3, Terran Infantry Weapons Level 2  
  136  10:41  Terran Infantry Armor Level 2  
  134  10:45  Marine  
  134  10:46  Marine x6  
  134  10:47  SCV x3  
  144  10:56  Marine  
  145  10:57  Medivac x2  
  145  10:59  SCV  
  145  11:02  Supply Depot  
  145  11:03  Marine  
  145  11:04  Marine  
  149  11:09  Marine  
  149  11:11  Marine, Siege Tank  
  149  11:21  Marine x5  
  149  11:22  Factory Tech Lab  
  149  11:23  Marine  
  155  11:27  Marine, Medivac  
  158  11:43  Marine, Siege Tank x2  
  158  11:44  Marine x3  
  158  11:45  Marine x3  
  171  11:53  Command Center  
  140  12:21  Marine x8  
  144  12:27  Siege Tank  
  144  12:28  Medivac x2  
  144  12:29  Siege Tank  
  154  12:32  Supply Depot  
  154  12:34  Supply Depot  
  154  12:38  Marine  
  154  12:39  Marine  
  154  12:40  Marine x4  
  154  12:41  Marine x2  
  162  12:45  Barracks  
  162  12:50  Barracks  
  161  12:52  Barracks  
  161  12:59  Marine  
  161  13:02  Siege Tank  
  161  13:03  Siege Tank  
  152  13:19  Marine  
  152  13:20  Marine x7  
Tags
 
Composition
Bio Tank
Matchup
TvT
Opening
1/1/1
Race
Terran
Strategy
Banshee Rush
Add a new tag
Caveats
  • Supply blocks, unpowered buildings, or Contaminate may cause inaccurate times.
  • Supply counts are checked every 10 seconds.